 Dungeon Crawl Stone Soup version 0.20-a0-947-g2784f4f (webtiles) character file.

5725 4thArraOfDagon the Destroyer (level 10, -5/56 HPs)
             Began as an Octopode Conjurer on Apr 3, 2017.
             Was a High Priest of Sif Muna.
             Hit by a large rock thrown by a cyclops (36 damage)
             ... on level 12 of the Dungeon.
             The game lasted 00:28:31 (5471 turns).

4thArraOfDagon the Destroyer (Octopode Conjurer)    Turns: 5471, Time: 00:28:32

Health: -5/56      AC:  3    Str:  8    XL:     10   Next: 77%
Magic:  7/21       EV: 14    Int: 23    God:    Sif Muna [*****.]
Gold:   156        SH:  0    Dex: 19    Spells: 18/23 levels left

rFire    . . .     SeeInvis .   s - +7 broad axe "Lyqe" {flame, *Drain rC++ Dex+6}
rCold    + + .     Gourm    .   (no shield)
rNeg     + . .     Faith    +   (helmet restricted)
rPois    .         Spirit   .   z - amulet of Suess {Faith Int+3}
rElec    .         Reflect  .   C - ring of positive energy
rCorr    .         Harm     .   (no ring)
MR       .....                  (no ring)
Stlth    +++.......             (no ring)
Regen    0.2/turn               (no ring)
MPRegen  0.2/turn               (no ring)
                                (no ring)
                                (no ring)

@: divine energy
A: almost no armour, stealthy swim, amphibious, 8 rings, constrict 8, iridescent
scales 1, camouflage 1, blurry vision 1, sense surroundings 1, gelatinous body 1
a: Stop Divine Energy, Channel Magic, Forget Spell, Renounce Religion


You were on level 12 of the Dungeon.
You worshipped Sif Muna.
Sif Muna was extremely pleased with you.
You were not hungry.

You visited 1 branch of the dungeon, and saw 13 of its levels.
You visited 1 bazaar.

You collected 439 gold pieces.
You spent 283 gold pieces at shops.

Inventory:

Hand Weapons
 c - a +5 flail of crushing
 i - a +0 short sword
 o - a +0 morningstar
 s - the +7 broad axe "Lyqe" (weapon) {flame, *Drain rC++ Dex+6}
   (You bought it in a shop in a bazaar)

   It has been specially enchanted to burn those struck by it, causing extra
   injury to most foes and up to half again as much damage against particularly
   susceptible opponents.
   Big, fiery blades are also staple armaments of hydra-hunters.
   It affects your dexterity (+6).
   It greatly protects you from cold.
   It causes draining when unequipped.
Missiles
 l - 8 curare-tipped needles
 D - 4 tomahawks of dispersal (quivered)
Jewellery
 z - the amulet of Suess (around mantle) {Faith Int+3}
   (You found it on level 6 of the Dungeon)

   [amulet of faith]

   It allows you to gain divine favour quickly.
   It affects your intelligence (+3).
 C - a ring of positive energy (left tentacle)
Wands
 y - a wand of random effects (33/48)
 A - a wand of flame (15/48)
 F - a wand of digging (12/24)
 J - a wand of scattershot (4/9)
Scrolls
 e - 9 scrolls of remove curse
 q - a scroll of noise
 r - 5 scrolls of teleportation
 w - 2 scrolls of fear
 x - 3 scrolls of fog
 B - a scroll of immolation
 E - a scroll of recharging {unknown}
Potions
 d - 2 potions of resistance
 f - 4 potions of curing
 g - a potion of magic
 h - a potion of lignification
 j - a potion of invisibility
 k - a potion of degeneration
 m - 3 potions of flight
 n - 3 potions of heal wounds
 u - a potion of ambrosia
 I - 2 potions of brilliance
Books
 a - a book of Conjurations

   Spells                             Type                      Level
   a - Magic Dart                     Conjuration                  1
   b - Searing Ray                    Conjuration                  2
   c - Dazzling Spray                 Conjuration/Hexes            3
   d - Fulminant Prism                Conjuration/Hexes            4
   e - Force Lance                    Conjuration/Translocation    4
   f - Iskenderun's Mystic Blast      Conjuration                  4
 t - a book of the Earth

   Spells                             Type                      Level
   a - Leda's Liquefaction            Hexes/Earth                  4
   b - Bolt of Magma                  Conjuration/Fire/Earth       5
   c - Statue Form                    Transmutation/Earth          6
   d - Iron Shot                      Conjuration/Earth            6
   e - Shatter                        Earth                        9
Miscellaneous
 H - a lamp of fire
Comestibles
 b - 4 bread rations
 p - 2 mutagenic chunks of flesh
 v - a meat ration


   Skills:
 - Level 2.0 Dodging
 - Level 2.6 Stealth
 + Level 7.4 Spellcasting
 * Level 11.6 Conjurations
 + Level 8.8 Invocations


You had 18 spell levels left.
You knew the following spells:

 Your Spells              Type           Power        Failure   Level  Hunger
a - Magic Dart            Conj           ####         1%          1    None
b - Iskenderun's Mystic   Conj           ######..     1%          4    ###....


Dungeon Overview and Level Annotations

Branches:
Dungeon (13/15)            Temple (0/1) D:4            Lair (0/6) D:9
 Vaults (0/5) D:13
    Orc: D:9-12

Altars:
Gozag
Sif Muna

Annotations:
D:1 1 exclusion
D:9 Erica
D:12 Snorg


Innate Abilities, Weirdness & Mutations

You cannot wear most types of armour.
You are very stealthy in the water. (Stealth+)
You are amphibious.
You can wear up to eight rings at the same time.
You can use your tentacles to constrict eight enemies at once.
Your skin changes colour to match your surroundings (Stealth+).
Your rubbery body absorbs attacks. (AC +1, EV +1)
You are partially covered in iridescent scales. (AC +2)
Scrolls take you a little longer to read.
You passively map a small area around you.


Message History

Unknown command.
Casting: Iskenderun's Mystic Blast
Confirm with . or Enter, or press ? or * to list all spells.
Aiming: Iskenderun's Mystic Blast
Press: ? - help, Shift-Dir - straight line, f/p - cyclops
Aim: a cyclops (moderately wounded)
The orb of energy hits the cyclops.
The cyclops is moderately wounded.
The cyclops throws a large rock.
The large rock hits you!!
Unknown command.
Casting: Iskenderun's Mystic Blast
Confirm with . or Enter, or press ? or * to list all spells.
Aiming: Iskenderun's Mystic Blast
Press: ? - help, Shift-Dir - straight line, f/p - cyclops
Aim: a cyclops (moderately wounded)
The orb of energy hits the cyclops.
The cyclops is heavily wounded.
The cyclops throws a large rock.
The large rock hits you!!!
Ouch! That really hurt!
You die...

.......o...#.......#....#,
...........#............#
#S########.#....#..#....#
.., * ###C.#....#..#....#
.., #....#....#.##....#
..,,,##....#......#######
.. ,#....(#........# ..,
,#....##......<.# ..
#.)..##....@...# , ,
#.(####...##..##
###)#####C..##..##
#.....(.รท........#
#........##..#.#.#
#............#.#.#######
#.......##...#.#.......#
#......................#
#.......###....#######.#


You could see a cyclops.

Vanquished Creatures
  3 two-headed ogres
  A centaur skeleton (D:11)
  Grinder (D:6)
  A slime creature (D:12)
  A hippogriff (D:8)
  A dream sheep (shapeshifter) (D:12)
  Sigmund (D:6)
  A yak (D:11)
  2 hungry ghosts
  Menkaure (D:4)
  Edmund (D:4)
  2 water moccasins
  A black bear (D:8)
  2 ice beasts
  A sky beast (D:9)
  2 ogres
  4 centaurs
  Blork the orc (D:6)
  A bullfrog (D:7)
  A scorpion (D:7)
  A water moccasin skeleton (D:7)
  A crimson imp (D:6)
  2 hounds
  A bullfrog skeleton (D:7)
  3 orc priests
  Jessica (D:3)
  An iguana (D:4)
  5 orc wizards
  3 worker ants
  A hound zombie (D:5)
  A howler monkey skeleton (D:5)
  3 gnolls (D:9)
  7 adders
  2 shadow imps
  An ooze (D:2)
  3 worms
  A dart slug (D:2)
  2 leopard geckos
  22 orcs
  4 giant cockroaches
  3 goblins
  11 hobgoblins
  13 jackals
  4 quokkas
  3 ball pythons
  A ball python zombie (D:5)
  7 bats
  4 frilled lizards
  6 kobolds
  5 rats
151 creatures vanquished.

Notes
Turn   | Place    | Note
-------+----------+-------------------------------------------
     0 | D:1      | 4thArraOfDagon the Octopode Conjurer began the quest for the Orb.
     0 | D:1      | Reached XP level 1. HP: 11/11 MP: 3/3
    62 | D:2      | Found a faded altar of an unknown god.
    66 | D:2      | Became a worshipper of Sif Muna the Loreminder
    66 | D:2      | Reached * piety under Sif Muna
   246 | D:1      | Reached XP level 2. HP: 14/17 MP: 0/5
   424 | D:2      | Reached skill level 1 in Invocations
   601 | D:2      | Reached XP level 3. HP: 19/21 MP: 2/6
   717 | D:2      | Reached XP level 4. HP: 20/27 MP: 1/7
   733 | D:2      | Learned a level 4 spell: Iskenderun's Mystic Blast
   819 | D:3      | Noticed Jessica
   826 | D:3      | Killed Jessica
   826 | D:3      | Reached ** piety under Sif Muna
   948 | D:3      | Reached skill level 5 in Conjurations
   987 | D:3      | Reached XP level 5. HP: 17/31 MP: 2/9
  1348 | D:3      | Reached XP level 6. HP: 32/36 MP: 5/10
  1396 | D:4      | Noticed Menkaure
  1401 | D:4      | Killed Menkaure
  1496 | D:4      | Reached skill level 6 in Conjurations
  1496 | D:4      | Reached XP level 7. HP: 28/41 MP: 0/12
  1556 | D:4      | Noticed Edmund
  1623 | D:4      | Killed Edmund
  1653 | D:4      | Found a staircase to the Ecumenical Temple.
  1680 | D:5      | Entered Level 5 of the Dungeon
  1715 | D:5      | Reached *** piety under Sif Muna
  2201 | D:6      | Noticed Blork the orc
  2210 | D:6      | Killed Blork the orc
  2223 | D:6      | Reached skill level 7 in Conjurations
  2321 | D:6      | Got an ancient silver amulet
  2327 | D:6      | Identified the amulet of Suess {Faith Int+3} (You found it on level 6 of the Dungeon)
  2401 | D:6      | Noticed Grinder
  2403 | D:6      | Paralysed by Grinder for 3 turns
  2413 | D:6      | Killed Grinder
  2413 | D:6      | Reached skill level 5 in Invocations
  2413 | D:6      | Reached XP level 8. HP: 46/46 MP: 3/14
  2426 | D:6      | Noticed Sigmund
  2450 | D:6      | Killed Sigmund
  2629 | D:6      | Reached skill level 8 in Conjurations
  2681 | D:7      | Noticed a hippogriff
  2715 | D:7      | Reached **** piety under Sif Muna
  2857 | D:7      | Reached skill level 5 in Spellcasting
  3234 | D:7      | Reached XP level 9. HP: 36/51 MP: 12/16
  3282 | D:8      | Reached skill level 9 in Conjurations
  3391 | D:8      | Noticed a two-headed ogre
  3575 | D:9      | Found a staircase to the Lair.
  3575 | D:9      | Noticed a death yak
  3576 | D:9      | Noticed an elephant
  3604 | D:8      | Noticed a two-headed ogre
  3678 | D:8      | Killed a two-headed ogre
  3678 | D:8      | Reached ***** piety under Sif Muna
  3678 | D:8      | Received a gift from Sif Muna
  3678 | D:8      | Reached skill level 10 in Conjurations
  3918 | D:8      | Gained mutation: One of your tentacles bears a spike. [mutagenic meat]
  3919 | D:8      | Gained mutation: You passively map a small area around you. [mutagenic meat]
  3920 | D:8      | Gained mutation: You are dopey. (Int -2) [mutagenic meat]
  4022 | D:9      | Noticed Erica
  4033 | D:10     | Entered Level 10 of the Dungeon
  4386 | D:11     | Reached XP level 10. HP: 56/56 MP: 9/19
  4517 | D:11     | Found a flickering gateway to a bazaar.
  4525 | Bazaar   | Entered a bazaar
  4525 | Bazaar   | Found Dieguv's Antique Weapon Shoppe.
  4535 | Bazaar   | Found Wyamifru's Magic Scroll Boutique.
  4546 | Bazaar   | Found Osib's Jewellery Emporium.
  4554 | Bazaar   | Found Qooffeuv's General Store.
  4567 | Bazaar   | Found Zimi's Antique Armour Boutique.
  4589 | Bazaar   | Bought a slimy broad axe for 171 gold pieces
  4619 | Bazaar   | Bought a potion of magic for 112 gold pieces
  4619 | Bazaar   | Identified the +7 broad axe "Lyqe" {flame, *Drain rC++ Dex+6} (You bought it in a shop in a bazaar)
  4681 | D:12     | Noticed a two-headed ogre
  4685 | D:12     | Noticed Snorg
  4695 | D:13     | Found a gate to the Vaults.
  4695 | D:13     | Noticed a two-headed ogre
  4695 | D:13     | Noticed an orc knight
  4695 | D:13     | Noticed a centaur warrior
  4729 | D:12     | Lost mutation: One of your tentacles bears a spike. [potion of mutation]
  4729 | D:12     | Lost mutation: You are dopey. (Int -2) [potion of mutation]
  4729 | D:12     | Lost mutation: You passively map a small area around you. [potion of mutation]
  4729 | D:12     | Gained mutation: Scrolls take you a little longer to read. [potion of mutation]
  4729 | D:12     | Gained mutation: You passively map a small area around you. [potion of mutation]
  4729 | D:12     | Gained mutation: You are partially covered in iridescent scales. (AC +2) [potion of mutation]
  4795 | D:11     | Found an opulent altar of Gozag.
  4925 | D:12     | Noticed a two-headed ogre
  4929 | D:12     | Killed a two-headed ogre
  4929 | D:12     | Reached skill level 11 in Conjurations
  5086 | D:12     | Noticed a purple ugly thing
  5244 | D:12     | Noticed a two-headed ogre
  5331 | D:12     | Killed a two-headed ogre
  5341 | D:12     | Noticed a cyclops
  5446 | D:12     | Noticed a moth of wrath
  5471 | D:12     | Hit by a large rock thrown by a cyclops

Vault maps used:
D:1:      evilmike_arrival_run_for_it
D:2:      minmay_wonky_spiral, first_bread, chequers_ecumenical_altar_twisty,
          minmay_cupped
D:3:      uniq_jessica
D:4:      temple_fountains, uniq_edmund, uniq_menkaure, uniq_crazy_yiuf_cottage
D:6:      serial_shops, nicolae_shop_waterfront, uniq_sigmund,
          uniq_blork_the_orc, uniq_grinder
D:7:      grunt_ogre_cave, hangedman_decor_points, grunt_ministairs_6
D:8:      uniq_gastronok
D:9:      led_sif_pool, david_lair_generic, serial_bayou_ford_a, uniq_erica
D:10:     kennysheep_generic_room_11
D:11:     serial_shops, bzr_entry_dummy,
          nicolae_gozag_cash_rules_everything_around_me
D:12:     minmay_opposing_rooms, david_orc_2, wad_hexagon, uniq_snorg
D:13:     david_vaults_3, enter_trove_1, elyvilon_altar_4, uniq_rupert
Bazaar:   bazaar_lake

Skill      XL: |  1  2  3  4  5  6  7  8  9 10 |
---------------+-------------------------------+-----
Invocations    | 1 2 3 5 6 7 8 |  8.8
Conjurations   | 5 6 7 8 10 11 | 11.6
Spellcasting   | 3 4 5 6 7 |  7.4
Dodging        | |  2.0
Stealth        | |  2.6

Action                   |  1- 3 |  4- 6 |  7- 9 | 10-12 || total
-------------------------+-------+-------+-------+-------++-------
Melee: Club              |    10 |       |       |       ||    10
       Constrict         |    11 |     8 |    23 |     1 ||    43
       Short sword       |    23 |    32 |       |       ||    55
       Tentacles         |     3 |     4 |    14 |     6 ||    27
       Morningstar       |       |     5 |     5 |       ||    10
       Flail             |       |       |    99 |     4 ||   103
       Kick              |       |       |     2 |     1 ||     3
       Broad axe         |       |       |       |    11 ||    11
 Cast: Magic Dart        |    40 |    41 |    44 |     7 ||   132
       Iskenderun's Myst |       |    14 |    60 |    31 ||   105
Invok: Divine Energy     |       |     1 |       |       ||     1
  Use: Potion            |       |     3 |     2 |     2 ||     7
       Scroll            |       |       |    19 |     5 ||    24
 Stab: Sleeping          |     1 |     3 |       |       ||     4
  Eat: Chunk             |       |     4 |    16 |     4 ||    24
       Royal jelly       |       |     1 |     2 |       ||     3
       Fruit             |       |       |       |     4 ||     4
Armor: Skin              |     6 |     3 |    18 |     2 ||    29
Dodge: Dodged            |    17 |    19 |    68 |    11 ||   115
